 Dungeon Crawl Stone Soup version 0.30-a0-715-gdb4ae3ece1 (webtiles) character file.

Game seed: 12507689403849735136

96 Azfaa the Ducker (level 4, -9/28 HPs)
             Began as a Kobold Gladiator on Jan 22, 2023.
             Mangled by Crazy Yiuf
             ... wielding a +3 quarterstaff of chaos
              (12 damage)
             ... on level 2 of the Dungeon.
             The game lasted 00:07:46 (1091 turns).

Azfaa the Ducker (Kobold Gladiator)                 Turns: 1091, Time: 00:07:47

Health: -9/28      AC:  4    Str: 13    XL:     4   Next: 98%
Magic:  4/4        EV: 16    Int:  9    God:
Gold:   48         SH:  0    Dex: 16    Spells: 3/3 levels left

rFire   . . .      SeeInvis .    h - +0 spear
rCold   . . .      Faith    .    (no shield)
rNeg    . . .      Spirit   .    a - +0 leather armour
rPois   .          Reflect  .    b - +0 helmet
rElec   .          Harm     .    (no cloak)
rCorr   .          Rampage  .    (no gloves)
Will    .....                    (no boots)
Stlth   ++                       (no amulet)
HPRegen 0.24/turn                (no ring)
MPRegen 0.09/turn                (no ring)

@: no status effects
A: small, no large weapons, nightstalker 3
a: no special abilities


You were on level 2 of the Dungeon.
You visited 1 branch of the dungeon, and saw 2 of its levels.

You collected 48 gold pieces.

Inventory:

Hand Weapons
 e - a +0 dagger of venom
 f - a +0 trident
 g - a +0 club
 h - a +0 spear (weapon)
 i - a +0 club
 k - a +0 hand axe
 l - a +0 dagger
Missiles
 d - 2 boomerangs (quivered)
 j - 13 stones
Armour
 a - a +0 leather armour (worn)
 b - a +0 helmet (worn)
 o - a +0 robe
Potions
 m - a potion of attraction {unknown}


   Skills:
 * Level 3.0 Fighting
 * Level 1.5 Polearms
 + Level 2.3 Throwing
 * Level 0.9 Armour
 + Level 4.5 Dodging
 - Level 3.3 Unarmed Combat


You had 3 spell levels left.
You didn't know any spells.
Your spell library was empty.

Dungeon Overview and Level Annotations

Branches:
Dungeon (2/15)

Altars:

Annotations:
D:2 Crazy Yiuf


Innate Abilities, Weirdness & Mutations

You are small and have problems with some larger weapons.
You are completely attuned to the shadows.


Message History

Found a hammer.
Crazy Yiuf shouts!
You open the door. Crazy Yiuf completely misses you.
There is an open translucent door here.
You completely miss Crazy Yiuf.
Crazy Yiuf hits you with a +3 quarterstaff of chaos!
Crazy Yiuf burns you.
Throw: throwing net
Press: ? - help, Q - select action, (/) - cycle Shift-Dir - straight line, f - Crazy Yiuf
Aim: Crazy Yiuf, wielding a +3 quarterstaff of chaos and wearing a +1 cloak (65% to hit)
You throw a throwing net. The throwing net hits Crazy Yiuf.
Crazy Yiuf is caught in the net!
Crazy Yiuf struggles against the net.
You hit Crazy Yiuf but do no damage.
Crazy Yiuf struggles against the net.
You catch the helpless Crazy Yiuf completely off-guard!
You hit Crazy Yiuf.
Crazy Yiuf is lightly wounded.
Crazy Yiuf struggles against the net.
You catch the helpless Crazy Yiuf completely off-guard!
You hit Crazy Yiuf.
Crazy Yiuf is moderately wounded.
Crazy Yiuf struggles against the net.
You hit Crazy Yiuf but do no damage.
Crazy Yiuf is moderately wounded.
Crazy Yiuf struggles against the net.
You hit Crazy Yiuf but do no damage.
Crazy Yiuf is moderately wounded.
Crazy Yiuf struggles against the net.
The net rips apart, and Crazy Yiuf comes free!
Throw: 2 boomerangs
Press: ? - help, Q - select action, (/) - cycle Shift-Dir - straight line, f/p - Crazy Yiuf
Aim: Crazy Yiuf, wielding a +3 quarterstaff of chaos and wearing a +1 cloak (moderately wounded, 65% to hit)
You throw a boomerang.
The boomerang hits Crazy Yiuf but does no damage.
Crazy Yiuf is moderately wounded.
Crazy Yiuf hits you with a +3 quarterstaff of chaos!
* * * LOW HITPOINT WARNING * * *
You are electrocuted!
You die...

*,,*,*############
******#...........
###########. ***
##### #. *,* #)..#
#. ****,* #...# #.
*,,,,* #...# #.
*,**** *#g#* #.
*****,* #@## #.
***,,,,,**** ##.#
#. ,,<,**,,,,,*
#.## ##
******,,,,,* ##.#
###### *,,,,,*
##.## #.....
#.....# ##...#
#.#### #.....#
#....# #.# #.....#
#....# #.# *
#.....####....###
#.#


You could see Crazy Yiuf.

Vanquished Creatures
  Natasha (twice) (D:2)
  2 adders (D:2)
  2 worms (D:2)
  2 ball pythons
  2 endoplasms (D:1)
  A giant cockroach (D:2)
  A goblin (D:1)
  5 hobgoblins
  2 bats (D:1)
  A frilled lizard (D:2)
  3 kobolds
  3 rats
26 creatures vanquished.

Notes
Turn   | Place    | Note
-------+----------+-------------------------------------------
     0 | D:1      | Azfaa the Kobold Gladiator began the quest for the Orb.
     0 | D:1      | Reached XP level 1. HP: 12/12 MP: 1/1
   159 | D:1      | Reached XP level 2. HP: 18/18 MP: 2/2
   680 | D:2      | Noticed Natasha
   692 | D:2      | Killed Natasha
   693 | D:2      | Reached skill level 4 in Dodging
   693 | D:2      | Reached XP level 3. HP: 17/22 MP: 3/3
   760 | D:2      | Reached skill level 1 in Polearms
   760 | D:2      | Reached XP level 4. HP: 20/27 MP: 4/4
   860 | D:2      | Noticed Natasha
   868 | D:2      | Killed Natasha
  1077 | D:2      | Found a runed translucent door.
  1080 | D:2      | Noticed Crazy Yiuf
  1091 | D:2      | Mangled by Crazy Yiuf

Illustrated notes

Levels and vault maps discovered:
D:1:      mushboom_english_gardens, layout_loops_ring
D:2:      layout_loops_ring, minmay_surrounded, uniq_crazy_yiuf_cottage,
          uniq_natasha

Skill      XL: |  1  2  3  4 |
---------------+-------------+-----
Dodging        | 4 |  4.5
Polearms       | 1 |  1.5
Fighting       | 3 |  3.0
Throwing       | |  2.3
Armour         | |  0.9
Unarmed Combat | |  3.3

Action                     |  1- 3 |  4- 6 || total
---------------------------+-------+-------++-------
  Melee: Unarmed           |    16 |       ||    16
         Trident           |     5 |       ||     5
         Spear             |    44 |    65 ||   109
  Throw: Throwing net      |     4 |     2 ||     6
         Boomerang         |       |     1 ||     1
    Use: Scroll            |     2 |     1 ||     3
         Potion            |     2 |     2 ||     4
   Stab: Sleeping          |     3 |     2 ||     5
         Held in net/web   |     1 |     2 ||     3
 Armour: Leather armour    |    25 |    10 ||    35
         Skin              |    25 |       ||    25
  Dodge: Dodged            |    59 |    34 ||    93

Table legend: (Time is in decaauts)
 A = Elapsed time spent in this place.
 B = Non-inter-level travel time spent in this place.
 C = Inter-level travel time spent in this place.
 D = Time resting spent in this place.
 E = Time spent auto-exploring this place.
 F = Levels seen in this place.
 G = Mean time per level.
                   A        B        C        D        E       F      G
               +--------+--------+--------+--------+--------+-----+--------+
         Total |   1095 |   1095 |      0 |      0 |      0 |   2 |  547.5 |
       Dungeon |   1095 |   1095 |      0 |      0 |      0 |   2 |  547.5 |
               +--------+--------+--------+--------+--------+-----+--------+

Top non-repeatable levels by time:
     D:1: 573 daAuts
     D:2: 521 daAuts
